 Dungeon Crawl Stone Soup version 0.27-a0-1595-g0b823d0a13 (webtiles) character file.

Game seed: 1420937747064012216

30 bobarctor the Grave Robber (level 3, 19/19 HPs)
             Began as a Deep Elf Necromancer on July 17, 2021.
             Was a Believer of Lugonu.
             Got out of the dungeon alive.
             The game lasted 00:06:21 (1457 turns).

bobarctor the Grave Robber (Deep Elf Necromancer)   Turns: 1457, Time: 00:06:22

Health: 19/19      AC:  2    Str:  5    XL:     3   Next: 3%
Magic:  19/19      EV: 12    Int: 20    God:    Lugonu [**....]
Gold:   51         SH:  0    Dex: 15    Spells: 9/10 levels left

rFire    . . .     SeeInvis .   b - +0 club
rCold    . . .     Faith    .   (no shield)
rNeg     . . .     Spirit   .   a - +0 robe
rPois    .         Reflect  .   (no helmet)
rElec    .         Harm     .   (no cloak)
rCorr    .         Rampage  .   (no gloves)
Will     .....                  (no boots)
Stlth    ++........             (no amulet)
HPRegen  0.06/turn              e - ring of flight
MPRegen  0.16/turn              h - ring of magical power

@: flying
A: no striking features
a: Renounce Religion, Depart the Abyss, Bend Space


You escaped.
You worshipped Lugonu.
Lugonu was pleased with you.
You visited 1 branch of the dungeon, and saw 2 of its levels.

You collected 51 gold pieces.

Inventory:

Hand Weapons
 b - a +0 club (weapon)
Armour
 a - a +0 robe (worn)
Jewellery
 e - a ring of flight (left hand)
 h - a ring of magical power (right hand)
Scrolls
 c - 2 scrolls of identify {unknown}
 d - a scroll of noise {unknown}
 f - a scroll of summoning {unknown}
Potions
 g - a potion of flight {unknown}


   Skills:
 + Level 2.5 Dodging
 + Level 2.4 Stealth
 * Level 4.2 Spellcasting
 + Level 5.3 Necromancy


You had 9 spell levels left.
You knew the following spells:

 Your Spells              Type           Power      Damage    Failure   Level
a - Pain                  Necr           100%       1d9       1%          1

Your spell library contained the following spells:

 Spells                   Type           Power      Damage    Failure   Level
 Animate Skeleton         Necr           50%        N/A       1%          1
 Vampiric Draining        Necr           12%        2d7       4%          3
 Animate Dead             Necr           12%        N/A       14%         4
 Portal Projectile        Hex/Tloc       8%         N/A       36%         3
 Agony                    Necr           25%        N/A       36%         5
 Excruciating Wounds      Necr           12%        N/A       36%         5
 Borgnjor's Vile Clutch   Necr/Erth      7%         N/A       75%         5
 Alistair's Intoxication  Tmut/Pois      2%         N/A       98%         5
 Blade Hands              Tmut           2%         N/A       98%         5
 Eringya's Noxious Bog    Tmut/Pois      2%         N/A       100%        6


Dungeon Overview and Level Annotations

Branches:
Dungeon (2/15)

Altars:
Lugonu


Message History

HP restored.
You fly up into the air.
e - a ring of flight (left hand)
You feel your magic capacity increase.
h - a ring of magical power (right hand)
There is a stone staircase leading down here.
You fly downwards.
There is a stone staircase leading up here.
Casting: Pain (safe; 1% risk of failure)
Confirm with . or Enter, or press ? or * to list all spells.
Aiming: Pain (safe; 1% risk of failure)
Press: ? - help, Shift-Dir - straight line, f - dart slug
Aim: a dart slug (chance to affect: 93%)
The dart slug writhes in agony!
Casting: Pain (safe; 1% risk of failure)
Confirm with . or Enter, or press ? or * to list all spells.
Aiming: Pain (safe; 1% risk of failure)
Press: ? - help, Shift-Dir - straight line, f/p - dart slug
Aim: a dart slug (severely wounded, chance to affect: 93%)
The dart slug writhes in agony.
You kill the dart slug!
Lugonu accepts your kill.
The ball python hisses angrily.
You have reached level 3!
Your experience leads to an increase in your attributes!
Increase (S)trength, (I)ntelligence, or (D)exterity?
You feel clever.
You fly upwards.
There is a stone staircase leading down here.
Okay, then.
Welcome back, bobarctor the Deep Elf Necromancer.
Lugonu says: Spread carnage and corruption!
Press ? for a list of commands and other information.
You start resting.
HP restored.
You start resting.
Magic restored.
There is a staircase leading out of the dungeon here.
Are you sure you want to leave the Dungeon?
This will make you lose the game!
You have escaped!

##### #.# ##.###.#### ##..#..##.
....# #.# ##....P....###...#.....
###.###.# #.♣......P..)....##..##
.....##.##♣.......♣....#.#..####.
###....#....♣♣......♣............
.###.##.#.P....P.P...♣..####.####
.# #.##.#P...P.....P...♣# #.#
.###.##..............P..# #.#
...#.##.....P...@...P...# #.#
...#.##.#.............♣P## #.#
...#)##..P...P.....P.♣.P.# #.####
...#.##...♣....P.P.......###.....
...#.####....♣......P........####
#....# ##..P............#####
.#.########.....P.P.P.####
.#.......###...♣P....##
.#######.# ###.#######


There were no monsters in sight!

Vanquished Creatures
  A dart slug (D:2)
  A ball python (D:1)
  2 bats (D:1)
  A giant cockroach (D:1)
  4 goblins (D:1)
  3 hobgoblins (D:1)
  4 jackals (D:1)
  3 kobolds (D:1)
  A quokka (D:2)
  2 frilled lizards (D:1)
22 creatures vanquished.

Vanquished Creatures (others)
  A plant (D:1)
1 creature vanquished.

Grand Total: 23 creatures vanquished

Notes
Turn   | Place    | Note
-------+----------+-------------------------------------------
     0 | D:1      | bobarctor the Deep Elf Necromancer began the quest for the
                  | Orb.
     0 | D:1      | Reached XP level 1. HP: 10/10 MP: 6/6
    20 | D:1      | Reached skill level 5 in Necromancy
   243 | D:1      | Reached XP level 2. HP: 12/15 MP: 5/8
  1203 | D:1      | Found a faded altar of an unknown god.
  1213 | D:1      | Became a worshipper of Lugonu the Unformed
  1213 | D:1      | Reached * piety under Lugonu
  1213 | D:1      | Reached ** piety under Lugonu
  1375 | D:2      | Reached XP level 3. HP: 17/19 MP: 10/10
  1377 | D:1      | Upgraded the game from 0.27-a0-1579-g97d2440184 to
                  | 0.27-a0-1595-g0b823d0a13
  1457 | D:$      | Got out of the dungeon alive.

Illustrated notes

Levels and vault maps discovered:
D:1:      wander_arrival_fairy_ring, layout_loops_ring,
          shapermc_ecumenical_altar_acropolis, corexii_corridor_pit,
          minivault_26, minmay_close_crescents
D:2:      layout_basic, uniq_crazy_yiuf_cottage, uniq_robin

Skill      XL: |  1  2 |
---------------+-------+-----
Necromancy     | 5 |  5.3
Spellcasting   | 4 |  4.2
Dodging        | |  2.5
Stealth        | |  2.4

Action                   || total
-------------------------++-------
Melee: Club              ||     5
 Cast: Pain              ||    32
Armor: Robe              ||     1
Dodge: Dodged            ||     2

Table legend: (Time is in decaauts)
 A = Elapsed time spent in this place.
 B = Non-inter-level travel time spent in this place.
 C = Inter-level travel time spent in this place.
 D = Time resting spent in this place.
 E = Time spent auto-exploring this place.
 F = Levels seen in this place.
 G = Mean time per level.
                   A        B        C        D        E       F      G
               +--------+--------+--------+--------+--------+-----+--------+
         Total |   1458 |   1400 |     58 |    612 |    621 |   2 |  729.0 |
       Dungeon |   1458 |   1400 |     58 |    612 |    621 |   2 |  729.0 |
               +--------+--------+--------+--------+--------+-----+--------+

Top non-repeatable levels by time:
     D:1: 1436 daAuts
     D:2: 22 daAuts
